 Dungeon Crawl Stone Soup version 0.29-a0-515-g7c1fb6cc08 (webtiles) character file.

Game seed: 9674154704422984409

1140 CrazyBamboolord the Thaumaturge (level 8, -5/52 HPs)
             Began as a Mummy Necromancer on May 29, 2022.
             Slain by a necrophage (6 damage)
             ... on level 5 of the Dungeon on May 30, 2022.
             The game lasted 00:16:32 (4716 turns).

CrazyBamboolord the Thaumaturge (Mummy Necromancer) Turns: 4716, Time: 00:16:33

Health: -5/52      AC:  4    Str: 18    XL:     8   Next: 14%
Magic:  13/20      EV: 12    Int: 16    God:
Gold:   181        SH:  0    Dex: 12    Spells: 15/23 levels left

rFire   x . .      SeeInvis .   (no weapon)
rCold   + . .      Faith    .   (no shield)
rNeg    + + +      Spirit   .   a - +0 robe
rPois   ∞          Reflect  .   (no helmet)
rElec   .          Harm     .   (no cloak)
rCorr   .          Rampage  .   g - +1 pair of gloves
Will    +....                   (no boots)
Stlth   ++........              (no amulet)
HPRegen 0.17/turn               f - +6 ring of strength
MPRegen 0.17/turn               (no ring)

@: animating dead
A: cold resistance 1, negative energy resistance 3, torment resistance 2, heat
vulnerability 1, in touch with death 1, no potions
a: no special abilities


You were on level 5 of the Dungeon.
You visited 1 branch of the dungeon, and saw 5 of its levels.

You collected 181 gold pieces.

Inventory:

Armour
 a - a +0 robe (worn)
 g - a +1 pair of gloves (worn)
Jewellery
 f - a +6 ring of strength (left hand)
Wands
 c - a wand of polymorph (13)
Scrolls
 b - a scroll of identify
 d - a scroll of immolation


   Skills:
 * Level 3.0 Dodging
 + Level 1.7 Stealth
 * Level 8.0 Spellcasting
 * Level 7.6 Necromancy


You had 15 spell levels left.
You knew the following spells:

 Your Spells              Type           Power      Damage    Failure   Level
a - Necrotize             Necr           100%       1d9       1%          1
b - Vampiric Draining     Necr           46%        2d9       1%          3
c - Animate Dead          Necr           46%        N/A       4%          4

Your spell library contained the following spells:

 Spells                   Type           Power      Damage    Failure   Level
 Agony                    Necr           46%        N/A       14%         5


Dungeon Overview and Level Annotations

Branches:
Dungeon (4/15)
 Temple: D:4-7

Altars:
Qazlal
Wu Jian

Shops:
D:2 [   D:3 *

Annotations:
D:5 Grinder


Innate Abilities, Weirdness & Mutations

You are immune to poison.
Your flesh is cold resistant. (rC+)
You are immune to negative energy. (rN+++)
You are immune to unholy pain and torment.
You are vulnerable to heat. (rF-)
You are in touch with the powers of death.
You do not drink.


Message History

You closely miss the necrophage.
The necrophage is lightly damaged.
The necrophage closely misses you.
You hit the necrophage.
The necrophage is lightly damaged.
The necrophage hits you.
* * * LOW HITPOINT WARNING * * *
You hit the necrophage but do no damage.
The necrophage is lightly damaged.
Grinder blinks!
The necrophage misses you.
You barely miss the necrophage.
The necrophage is lightly damaged.
The necrophage barely misses you.
You closely miss the necrophage.
The necrophage is lightly damaged.
The necrophage completely misses you.
You hit the necrophage.
The necrophage is lightly damaged.
The necrophage closely misses you.
You hit the necrophage but do no damage.
The necrophage is lightly damaged.
The necrophage barely misses you.
You closely miss the necrophage.
The necrophage is lightly damaged.
The necrophage hits you but does no damage.
You hit the necrophage but do no damage.
Your punch misses the necrophage.
The necrophage is lightly damaged.
The necrophage hits you.
* * * LOW HITPOINT WARNING * * *
You hit the necrophage but do no damage.
The necrophage is lightly damaged.
The necrophage barely misses you.
You hit the necrophage but do no damage.
The necrophage is lightly damaged.
The necrophage barely misses you.
You closely miss the necrophage.
The necrophage is lightly damaged.
The necrophage hits you.
You die...

#+# #.# #.# ##.##
# ##...## #
#.....##
####.....#########
....#.##.....5Wn@#
####.####.########
# ### ### # # #


You could see Grinder, a necrophage and a phantom.

Vanquished Creatures
  Pikel (D:5)
  Sigmund (D:2)
  An ogre (D:5)
  2 howler monkeys (D:4)
  A gnoll shaman (D:5)
  An orc priest (D:3)
  Terence (D:3)
  2 iguanas
  3 orc wizards (D:5)
  3 gnolls (D:5)
  3 adders
  A worm (D:2)
  2 dart slugs
  5 orcs
  5 ball pythons
  6 bats
  3 endoplasms
  4 giant cockroaches
  4 goblins
  5 hobgoblins
  2 jackals (D:1)
  8 kobolds
  2 quokkas
  4 frilled lizards
  A rat (D:2)
71 creatures vanquished.

Vanquished Creatures (collateral kills)
  A lemure (D:5)
  A jelly (D:4)
  A white imp (D:4)
  3 dart slugs
  An orc (D:3)
  A hobgoblin (D:1)
  A jackal (D:1)
  A ball python (D:1)
  A rat (D:3)
11 creatures vanquished.

Grand Total: 82 creatures vanquished

Notes
Turn   | Place    | Note
-------+----------+-------------------------------------------
     0 | D:1      | CrazyBamboolord the Mummy Necromancer began the quest for
                  | the Orb.
     0 | D:1      | Reached XP level 1. HP: 13/13 MP: 4/4
   171 | D:1      | Reached XP level 2. HP: 19/19 MP: 1/5
   402 | D:1      | Reached skill level 3 in Spellcasting
   767 | D:1      | Gained mutation: You are in touch with the powers of death.
                  | [Mummy growth]
   767 | D:1      | Reached XP level 3. HP: 24/24 MP: 4/7
   771 | D:1      | Learned a level 3 spell: Vampiric Draining
  1108 | D:2      | Found Ylukkuw's Antique Armour Emporium.
  1337 | D:2      | Reached skill level 5 in Necromancy
  1696 | D:2      | Noticed Sigmund
  1711 | D:2      | Killed Sigmund
  1712 | D:2      | Reached skill level 4 in Spellcasting
  1712 | D:2      | Reached XP level 4. HP: 5/30 MP: 6/10
  1712 | D:2      | Reached XP level 5. HP: 6/35 MP: 7/12
  2130 | D:3      | Learned a level 4 spell: Animate Dead
  2130 | D:3      | Found Tofakom's Assorted Antiques.
  2138 | D:3      | Reached skill level 5 in Spellcasting
  2282 | D:3      | Noticed Terence
  2288 | D:3      | Killed Terence
  2289 | D:3      | Reached XP level 6. HP: 41/41 MP: 3/13
  2398 | D:3      | Found an ornate altar of the Wu Jian Council.
  2468 | D:3      | Found a faded altar of an unknown god.
  2507 | D:3      | Found a stormy altar of Qazlal.
  3492 | D:4      | You fall into a shaft and drop 1 floor!
  3492 | D:5      | Entered Level 5 of the Dungeon
  3541 | D:5      | Reached skill level 6 in Spellcasting
  3924 | D:5      | Reached XP level 7. HP: 46/46 MP: 8/16
  4173 | D:5      | Noticed Pikel
  4224 | D:5      | Killed Pikel
  4225 | D:5      | Reached skill level 7 in Spellcasting
  4225 | D:5      | Reached XP level 8. HP: 9/52 MP: 7/19
  4547 | D:5      | Noticed Grinder
  4571 | D:5      | Paralysed by Grinder for 4 turns
  4636 | D:5      | Reached skill level 8 in Spellcasting
  4693 | D:5      | Upgraded the game from 0.29-a0-509-g793eeb5391 to
                  | 0.29-a0-515-g7c1fb6cc08
  4713 | D:5      | HP: 1/52 [necrophage (4)]
  4716 | D:5      | Slain by a necrophage

Illustrated notes

Levels and vault maps discovered:
D:1:      nicolae_arrival_washed_ashore, layout_basic,
          hangedman_decor_diamond_cutter, minmay_misc_feat_four_crosses
D:2:      layout_basic, serial_shops, shop, hex_large, st_stairs_13,
          uniq_sigmund
D:3:      layout_basic, mainiacjoe_overflow_24_doors, grunt_qazlal_clouds,
          serial_shops, nicolae_shop_crystal,
          ebering_ecumenical_altar_sacrificial, uniq_terence
D:4:      layout_gridville, st_stairs_9, nrook_mini_vaults
D:5:      layout_loops_corners, cheibriados_altar_2,
          minmay_temple_entry_nine_rooms, kennysheep_opposing_triangles,
          uniq_grinder, uniq_pikel, uniq_menkaure

Skill      XL: |  1  2  3  4  5  6  7  8 |
---------------+-------------------------+-----
Spellcasting   | 3 4 5 6 7 8 |  8.0
Necromancy     | 5 6 7 |  7.6
Dodging        | 2 3 |  3.0
Stealth        | |  1.7

Action                   |  1- 3 |  4- 6 |  7- 9 || total
-------------------------+-------+-------+-------++-------
Melee: Unarmed           |    22 |    24 |    28 ||    74
       Punch             |     1 |     1 |       ||     2
Throw: Throwing net      |       |       |     1 ||     1
 Cast: Necrotize         |    65 |    64 |    24 ||   153
       Vampiric Draining |     1 |     6 |     7 ||    14
       Animate Dead      |       |       |     1 ||     1
  Use: Scroll            |     3 |     3 |     2 ||     8
Armor: Robe              |     2 |    13 |     6 ||    21
Dodge: Dodged            |    28 |    22 |    41 ||    91

Table legend: (Time is in decaauts)
 A = Elapsed time spent in this place.
 B = Non-inter-level travel time spent in this place.
 C = Inter-level travel time spent in this place.
 D = Time resting spent in this place.
 E = Time spent auto-exploring this place.
 F = Levels seen in this place.
 G = Mean time per level.
                   A        B        C        D        E       F      G
               +--------+--------+--------+--------+--------+-----+--------+
         Total |   4714 |   4585 |    129 |    831 |   3006 |   5 |  942.8 |
       Dungeon |   4714 |   4585 |    129 |    831 |   3006 |   5 |  942.8 |
               +--------+--------+--------+--------+--------+-----+--------+

Top non-repeatable levels by time:
     D:5: 1223 daAuts
     D:2: 1142 daAuts
     D:1: 981 daAuts
     D:4: 733 daAuts
     D:3: 633 daAuts
